 Dungeon Crawl Stone Soup version 0.31-a0-152-g6aa68a64a1 (webtiles) character file.

Game seed: 13116471834677661565

76 qw the Shooter (level 4, 0/39 HPs)
             Began as a Naga Hunter on June 11, 2023.
             Slain by a quokka (1 damage)
             ... on level 2 of the Dungeon.
             The game lasted 00:00:24 (1020 turns).

qw the Shooter (Naga Hunter)                        Turns: 1020, Time: 00:00:25

Health: 0/39       AC:  2    Str: 14    XL:     4   Next: 32%
Magic:  4/4        EV:  9    Int:  9    God:
Gold:   91         SH:  0    Dex: 16    Spells: 3/3 levels left

rFire   . . .        a - +0 shortbow
rCold   . . .        (shield currently unavailable)
rNeg    . . .        c - +0 leather armour
rPois   +            (no helmet)
rElec   .            (no cloak)
rCorr   .            (no gloves)
SInv    +            (no barding)
Will    .....        (no amulet)
Stlth   ++           (no ring)
HPRegen 0.26/turn    (no ring)
MPRegen 0.09/turn

%: no passive effects
@: lethally poisoned (0 -> -3), short of breath, very slow
A: AC +1, large, see invisible, deformed body, poison resistance, slowness 2,
spit poison 1, naga tail 1
a: Spit Poison


You were on level 2 of the Dungeon.
You visited 1 branch of the dungeon, and saw 2 of its levels.

You collected 91 gold pieces.


Innate Abilities, Weirdness & Mutations

Your serpentine skin is tough. (AC +1)
You have supernaturally acute eyesight. (SInv)
Armour fits poorly on your strangely shaped body.
Your system is resistant to poisons. (rPois)
You cover ground very slowly.
You can spit poison.
You have a snake-like lower body.


   Skills:
 + Level 2.3 Fighting
 - Level 5.0 Ranged Weapons
 - Level 1.5 Dodging
 - Level 1.5 Stealth


You had 3 spell levels left.
You didn't know any spells.
Your spell library was empty.

Inventory:

Hand Weapons
 a - a +0 shortbow (weapon)
Armour
 c - a +0 leather armour (worn)
Scrolls
 b - a scroll of enchant armour {unknown}

Dungeon Overview and Level Annotations

Branches:
Dungeon (2/15)

Altars:


Message History

You shoot an arrow. The arrow closely misses the adder.
You feel sick. The quokka bites you.
The adder bites you but does no damage. x2
The quokka bites you. The adder bites you.
You shoot an arrow. The arrow hits the adder.
The adder is heavily wounded.
You have got your breath back.
You feel sick. The adder barely misses you. The quokka bites you.
The adder barely misses you. The adder bites you.
1016 ||| INVOKING Spit Poison.
Aiming: Spit Poison (1% risk of failure)
Press: ? - help, Shift-Dir - straight line, f/p - adder The splash of poison hits the adder.
The adder is severely wounded.
You feel sick. The adder bites you. The quokka barely misses you.
The adder closely misses you. The adder bites you.
You shoot an arrow. The arrow barely misses the adder.
You feel sick.
The quokka bites you but does no damage.
The adder bites you. The adder barely misses you. The quokka misses you.
The adder bites you but does no damage.
You shoot an arrow. The arrow hits the adder.
The adder is almost dead.
You have got your breath back.
You feel sick. The adder bites you.
You are lethally poisoned!
The adder poisons you! The quokka barely misses you.
The adder closely misses you. The adder bites you but does no damage.
The quokka barely misses you.
1019 ||| INVOKING Spit Poison.
Aiming: Spit Poison (1% risk of failure)
Press: ? - help, Shift-Dir - straight line, f/p - adder The splash of poison hits the adder.
You kill the adder!
You feel sick. The adder barely misses you.
The quokka twitches its whiskers.
The quokka completely misses you.
You shoot an arrow. The arrow hits the adder.
The adder is lightly wounded.
You feel sick. The adder barely misses you. The quokka bites you.
You die...

......?..# ........#
........## #.........
#......... #.........
#.Sr...... #@# #.# #.#
#.# #.# #######.#
#.......#
#.######################
#.# #...................


You could see an adder and a quokka.

Vanquished Creatures
  3 adders (D:2)
  4 dart slugs
  2 bats
  7 endoplasms
  2 giant cockroaches
  3 goblins
  4 hobgoblins
  3 jackals (D:1)
  A ball python (D:1)
  5 kobolds
  4 rats (D:1)
38 creatures vanquished.

Notes
Turn   | Place    | Note
-------+----------+-------------------------------------------
     0 | D:1      | qw the Naga Hunter began the quest for the Orb.
     0 | D:1      | Reached XP level 1. HP: 19/19 MP: 1/1
     0 | D:1      | 0 ||| qw: Version: 0.2-a-29-gdad1ea2
     0 | D:1      | 0 ||| qw: Game counter: 4070
     0 | D:1      | 0 ||| qw: Always use a shield: true
     0 | D:1      | 0 ||| qw: God list: Okawaru
     0 | D:1      | 0 ||| qw: Allow faded altars: false
     0 | D:1      | 0 ||| qw: Do Orc after D:15 true
     0 | D:1      | 0 ||| qw: Do second Lair branch before Depths: true
     0 | D:1      | 0 ||| qw: Lair rune preference: random
     0 | D:1      | 0 ||| qw: Plans: Normal
     0 | D:1      | 0 ||| PLANNING D:1-11
    27 | D:1      | 27 ||| INVOKING Spit Poison.
    39 | D:1      | 39 ||| INVOKING Spit Poison.
    64 | D:1      | 64 ||| INVOKING Spit Poison.
    72 | D:1      | 72 ||| INVOKING Spit Poison.
   100 | D:1      | Reached skill level 4 in Ranged Weapons
   100 | D:1      | Reached XP level 2. HP: 26/26 MP: 2/2
   131 | D:1      | 131 ||| INVOKING Spit Poison.
   137 | D:1      | 137 ||| INVOKING Spit Poison.
   142 | D:1      | 142 ||| INVOKING Spit Poison.
   194 | D:1      | 194 ||| INVOKING Spit Poison.
   203 | D:1      | 203 ||| INVOKING Spit Poison.
   206 | D:1      | 206 ||| INVOKING Spit Poison.
   208 | D:1      | Reached XP level 3. HP: 32/32 MP: 3/3
   252 | D:1      | 252 ||| INVOKING Spit Poison.
   321 | D:1      | Found a faded altar of an unknown god.
   342 | D:1      | 342 ||| INVOKING Spit Poison.
   347 | D:1      | 347 ||| INVOKING Spit Poison.
   470 | D:1      | 470 ||| INVOKING Spit Poison.
   484 | D:1      | 484 ||| INVOKING Spit Poison.
   519 | D:1      | 519 ||| INVOKING Spit Poison.
   671 | D:1      | 671 ||| DROPPING scroll of butterflies.
   799 | D:2      | 799 ||| INVOKING Spit Poison.
   861 | D:2      | 861 ||| INVOKING Spit Poison.
   904 | D:2      | 904 ||| INVOKING Spit Poison.
   930 | D:2      | 930 ||| INVOKING Spit Poison.
   933 | D:2      | 933 ||| INVOKING Spit Poison.
   937 | D:2      | Reached skill level 5 in Ranged Weapons
   937 | D:2      | Reached XP level 4. HP: 34/39 MP: 4/4
  1008 | D:2      | 1008 ||| INVOKING Spit Poison.
  1011 | D:2      | 1011 ||| INVOKING Spit Poison.
  1016 | D:2      | 1016 ||| INVOKING Spit Poison.
  1017 | D:2      | HP: 9/39 [adder (3)]
  1019 | D:2      | 1019 ||| INVOKING Spit Poison.
  1019 | D:2      | HP: 3/39 [poisoned by an adder]
  1020 | D:2      | HP: 1/39 [poisoned by an adder]
  1020 | D:2      | Slain by a quokka

Levels and vault maps discovered:
D:1:      lightli_arrival_maybe_door_vault, layout_loops_ring,
          dilly_ecumenical_altar_fadedgnrine, skrybe_limestone_x,
          minmay_hexomino_u4
D:2:      layout_basic, serial_shops, shop

Skill      XL: |  1  2  3 |
---------------+----------+-----
Ranged Weapons | 4 5 |  5.0
Fighting       | |  2.3
Dodging        | |  1.5
Stealth        | |  1.5

Action                     |  1- 3 |  4- 6 || total
---------------------------+-------+-------++-------
   Fire: Shortbow          |    77 |     9 ||    86
Ability: Spit Poison       |    21 |     4 ||    25
 Armour: Leather armour    |     8 |     7 ||    15
  Dodge: Dodged            |    10 |    14 ||    24

Table legend:
 A = Non-vault XP
 B = Vault XP
 C = Vault XP percentage of total XP
 D = Non-vault monster count
 E = Vault monster count
 F = Vault count percentage of total count
                 A         B        C        D         E       F
            +---------+---------+-------+---------+---------+-------
      Total |     101 |       8 |   7.3 |      33 |       5 |  13.2
            +---------+---------+-------+---------+---------+-------
        D:1 |      43 |       8 |  15.7 |      22 |       5 |  18.5
        D:2 |      58 |       0 |   0.0 |      11 |       0 |   0.0
            +---------+---------+-------+---------+---------+-------
